Map: Corrosion EC

Players

Ben

  • Race: Terran Terran
  • League: Master
  • Spawn Location: 5:00

HoldTheDoor - Winner!

  • Race: Protoss Protoss
  • League: Diamond
  • Spawn Location: 11:00

VOD

Have the link to the VOD?

Description

Time

  • Played on: July 4, 2018, 11:07 a.m.
  • Length: 13:34
Show
View Real Time Build Order
Export as new Build Order

Ben Terran 

Build Orders:  

Get SALT Encoding   

  12  0:01  SCV  
  13  0:14  SCV  
  14  0:18  Supply Depot  
  14  0:26  Refinery  
  14  0:28  SCV  
  15  0:40  SCV  
  16  0:46  Barracks  
  16  0:56  SCV  
  17  1:07  Refinery  
  17  1:08  SCV  
  18  1:20  SCV  
  19  1:32  SCV  
  20  1:33  Reaper  
  20  1:35  Supply Depot  
  21  1:53  Orbital Command  
  21  2:05  Command Center  
  21  2:12  Barracks Reactor  
  21  2:20  Factory  
  21  2:24  SCV  
  22  2:36  SCV  
  23  2:48  SCV  
  24  3:00  SCV  
  25  3:08  Marine  
  25  3:09  Marine  
  25  3:12  SCV, Cyclone  
  30  3:19  Barracks  
  30  3:24  SCV, Orbital Command  
  31  3:32  Marine x2  
  33  3:37  SCV  
  34  3:46  Factory Tech Lab  
  34  3:49  SCV, Marine  
  34  3:50  Marine  
  37  3:59  Engineering Bay, SCV  
  37  4:01  SCV  
  39  4:07  Marine x3  
  42  4:11  SCV  
  42  4:13  SCV  
  41  4:21  Cyclone  
  44  4:25  Marine x2  
  46  4:36  Supply Depot  
  46  4:39  Supply Depot  
  46  4:56  Command Center  
  46  4:57  Marine x3, Cyclone  
  52  5:00  Supply Depot  
  52  5:02  Supply Depot  
  52  5:09  SCV x2  
  54  5:15  Marine  
  55  5:21  SCV x2  
  55  5:24  Terran Infantry Weapons Level 1  
  55  5:26  Missile Turret  
  55  5:28  Barracks Tech Lab  
  54  5:29  Siege Tank  
  54  5:33  SCV x2, Marine x2  
  61  5:45  SCV  
  61  5:46  SCV  
  61  5:49  Refinery  
  63  5:50  Refinery  
  63  5:56  Barracks  
  63  5:58  Barracks, Marine  
  63  5:59  Marauder  
  63  6:02  Siege Tank  
  69  6:10  Starport  
  69  6:13  SCV x2, Starport  
  71  6:18  Orbital Command  
  71  6:21  Marauder  
  71  6:25  SCV  
  74  6:27  Stimpack  
  74  6:37  Marine, Siege Tank  
  74  6:38  Marine  
  79  6:42  Marauder  
  81  6:50  Marine x2  
  83  6:55  Marine  
  83  6:56  Marine  
  83  7:00  Supply Depot  
  85  7:04  Marauder  
  85  7:07  Marine  
  85  7:08  Marine, Orbital Command  
  89  7:09  Siege Tank  
  89  7:13  Marine  
  93  7:21  SCV x2  
  95  7:25  Marauder, Missile Turret  
  95  7:28  Marine x2  
  99  7:30  Marine  
  99  7:32  Missile Turret  
  99  7:34  SCV  
  101  7:48  Factory  
  101  7:54  Supply Depot  
  101  7:55  Supply Depot  
  101  7:59  Supply Depot  
  101  8:00  Supply Depot  
  101  8:11  Terran Infantry Armor Level 1  
  101  8:13  Engineering Bay  
  101  8:15  SCV x2, Siege Tank  
  101  8:16  SCV, Marauder, Marine x2  
  101  8:17  Barracks Reactor  
  111  8:21  Barracks Tech Lab  
  111  8:28  SCV x2  
  111  8:29  SCV, Starport Reactor, Starport Tech Lab  
  114  8:37  Marauder, Marine  
  114  8:38  Marine  
  114  8:40  SCV x2  
  114  8:41  SCV  
  121  8:49  Barracks  
  121  8:50  Barracks, Medivac  
  121  8:52  SCV  
  124  8:59  Marauder, Factory Tech Lab  
  124  9:01  Siege Tank  
  129  9:09  Marine x2  
  133  9:10  Marauder  
  133  9:18  Refinery  
  133  9:19  Refinery  
  133  9:27  SCV, Marauder  
  133  9:49  Starport  
  133  9:56  Supply Depot  
  133  9:59  Supply Depot  
  133  10:05  Supply Depot  
  133  10:07  Barracks Tech Lab  
  133  10:09  Barracks Tech Lab  
  133  10:15  Armory  
  133  10:17  SCV x2, Medivac x3  
  133  10:18  Supply Depot  
  133  10:21  SCV, Marauder, Marine, Siege Tank  
  148  10:22  Supply Depot  
  148  10:27  Marauder, Siege Tank  
  148  10:28  Supply Depot  
  153  10:33  SCV  
  153  10:34  Supply Depot  
  154  10:39  Command Center  
  154  10:42  Marauder, Marine x3  
  161  10:43  Marauder  
  161  10:47  Viking x3  
  161  10:48  Marauder  
  169  10:53  Siege Tank  
  172  10:57  Supply Depot  
  172  10:59  Siege Tank  
  175  11:07  Starport Reactor  
  175  11:17  Medivac x2  
  179  11:19  Supply Depot  
  179  11:25  Siege Tank  
  172  11:48  Siege Tank  
  172  11:49  Viking  
  172  11:50  Viking x2  
  172  11:51  Viking  
  183  11:57  Siege Tank  
  183  11:59  Viking  
  178  12:16  Marauder, Marine  
  178  12:17  Marauder x3  
  178  12:18  Marine x2  
  178  12:19  Marine, Viking  
  178  12:20  Viking x2  
  178  12:21  Viking  
  198  12:29  Viking  
  200  12:34  Orbital Command  
  200  12:36  Refinery  
  200  12:50  Supply Depot  
  200  12:52  Refinery  
Show
View Real Time Build Order
Export as new Build Order

HoldTheDoor Protoss - Winner!

Build Orders: Double Forge 

Get SALT Encoding   

  12  0:01  Probe  
  13  0:13  Probe  
  14  0:21  Pylon  
  14  0:25  Probe  
  15  0:37  Probe  
  16  0:43  Gateway  
  16  0:45  Probe  
  16  0:46  Assimilator  
  17  0:53  Probe  
  17  0:58  Assimilator  
  18  1:05  Probe  
  19  1:21  Gateway  
  19  1:23  Probe  
  20  1:43  Probe  
  20  1:46  Cybernetics Core  
  21  1:53  Pylon  
  20  1:56  Probe  
  21  2:08  Probe  
  22  2:15  Stalker  
  22  2:17  Warp Gate  
  22  2:18  Nexus  
  24  2:25  Sentry  
  26  2:42  Stalker  
  25  2:50  Probe  
  27  3:03  Probe  
  27  3:12  Stalker  
  28  3:15  Probe  
  29  3:22  Pylon  
  29  3:25  Probe  
  29  3:30  Probe  
  29  3:33  Probe  
  31  3:40  Stalker  
  34  3:41  Probe  
  35  3:50  Probe  
  35  3:53  Probe  
  35  3:54  Robotics Facility  
  37  4:02  Probe, Pylon  
  34  4:29  Adept  
  36  4:32  Adept  
  36  4:33  Probe, Immortal  
  36  4:34  Probe  
  45  4:45  Probe x2  
  45  4:51  Forge  
  46  4:53  Probe x2  
  46  4:54  Forge  
  48  5:02  Probe  
  48  5:05  Pylon  
  49  5:09  Stalker  
  49  5:11  Stalker  
  53  5:18  Observer  
  53  5:20  Probe x2  
  56  5:22  Protoss Ground Armor Level 1  
  56  5:29  Immortal  
  56  5:36  Stalker x2  
  56  5:42  Assimilator, Probe x2  
  66  5:45  Assimilator  
  66  5:52  Protoss Shields Level 1  
  66  5:55  Probe x2  
  68  6:05  Zealot, Pylon  
  68  6:11  Pylon  
  70  6:19  Pylon  
  70  6:23  Probe x2  
  72  6:31  Immortal  
  76  6:32  Stalker  
  76  6:33  Stalker  
  76  6:35  Probe  
  81  6:47  Probe  
  81  6:48  Probe  
  83  6:59  Pylon  
  83  7:00  Probe  
  84  7:06  Robotics Bay  
  84  7:10  Twilight Council  
  84  7:14  Gateway  
  84  7:16  Gateway  
  84  7:17  Gateway  
  84  7:19  Gateway  
  84  7:22  Pylon  
  84  7:23  Observer  
  85  7:30  Nexus  
  86  7:37  Probe x2  
  86  7:38  Pylon  
  87  7:45  Pylon  
  87  7:46  Protoss Ground Armor Level 2  
  87  7:47  Protoss Ground Weapons Level 1  
  87  7:48  Pylon  
  87  7:53  Immortal  
  91  7:58  Extended Thermal Lance  
  91  8:03  Charge  
  91  8:15  Assimilator  
  91  8:21  Assimilator  
  91  8:25  Pylon  
  91  8:31  Colossus  
  97  8:55  Probe  
  97  8:56  Probe x2  
  100  9:09  Photon Cannon  
  100  9:10  Photon Cannon  
  100  9:12  Photon Cannon  
  100  9:14  Shield Battery  
  100  9:15  Shield Battery  
  100  9:17  Shield Battery  
  100  9:18  Pylon  
  100  9:22  Stalker x3, Pylon  
  100  9:23  Stalker  
  107  9:29  Colossus  
  107  9:32  Probe  
  108  9:39  Protoss Ground Armor Level 3  
  108  9:40  Protoss Shields Level 2  
  114  9:54  Photon Cannon  
  114  9:57  Photon Cannon  
  114  10:13  Pylon  
  114  10:24  Photon Cannon  
  114  10:28  Photon Cannon  
  114  10:34  Photon Cannon  
  114  10:35  Probe x3  
  117  10:39  Photon Cannon  
  117  10:40  Pylon  
  117  10:45  Templar Archives  
  117  10:47  Pylon  
  117  10:54  Colossus  
  117  10:58  Probe x2  
  117  10:59  Probe  
  120  11:07  Pylon  
  126  11:12  Probe x2  
  126  11:13  Probe  
  126  11:18  Photon Cannon  
  129  11:21  Pylon  
  129  11:24  Probe  
  130  11:30  Zealot x5  
  140  11:39  Stalker  
  142  11:44  Probe  
  143  11:51  Nexus  
  143  11:54  Pylon  
  143  11:56  Pylon  
  143  12:01  Pylon  
  143  12:06  Stalker x3, Assimilator  
  143  12:07  Stalker  
  151  12:08  Pylon  
  148  12:22  High Templar  
  148  12:23  High Templar  
  148  12:27  Archon  
  148  12:29  High Templar  
  154  12:30  Immortal, High Templar x3  
  154  12:33  Archon  
  154  12:34  Archon  
  164  12:52  Assimilator  
  164  12:53  Pylon  
  164  12:57  Gateway  
  164  12:59  Gateway  
  164  13:01  Gateway  
  164  13:03  Gateway  
  164  13:05  Gateway  
Tags
 
Add a new tag
Caveats
  • Supply blocks, unpowered buildings, or Contaminate may cause inaccurate times.
  • Supply counts are checked every 10 seconds.